Unix NetHack Version 5.0.0-0 post-release - last build Jun 10 2026 00:39:30 (3ee93aec679c4c4259841fe613dc97188e26a321,branch:main).

Game began 2026-06-13 14:05:56, ended 2026-06-17 20:42:28.

Jobair, chaotic female human Archeologist

                                      ------
                                      .%)...
                                      -)----.
                                      ....  -%.*.
                                      .T.. .--%..
                                      .@.. ..|...
                                       A.  .-----
                                    aa@&a a
                                  -----@-----
                                ---..@.AA@..---
                                |.....A@...A..|
                                |. ----|---- .|
                                |  |......a|  |
                                   |a..aa..|
                                   |a.@@.aa|
                                   |...%...|a
                                   |.a.....|
                                   ---------
                                         A

Jobair the Curator         St:25 Dx:17 Co:18 In:18 Wi:18 Ch:10  Chaotic
Astral Plane $:0  HP:185(225) Pw:199(199) AC:-24 Xp:30 T:61524  Fly

Latest messages:
 The Angel of Camaxtli misses the Angel of Camaxtli.
 The Angel of Camaxtli swings her long sword at the Angel of Camaxtli.
 The Angel of Camaxtli misses the Angel of Camaxtli.
 The Angel of Camaxtli hits the Angel of Camaxtli.
 The priestess of Camaxtli casts a spell!
 The Angel of Moloch swings her long sword at the invisible Famine.
 The Angel of Moloch hits the invisible Famine.
 The Angel of Moloch swings her long sword at the invisible Famine.
 The Angel of Moloch hits the invisible Famine.
 The Angel of Moloch misses the invisible Famine.
 You finish your dressing maneuver.
 Your mind oscillates briefly.
 You are blasted by Grayswandir's power!
 You are blasted by the Orb of Detection's power!
 The helm of opposite alignment glows black for a moment.
 There is a high altar to Huhetotl (chaotic) here.
 You are too impaired to perform the rite.
 What do you want to use or apply?
 You feel less confused now.
 The killer bee turns to flee.
 The fire ant turns to flee.
 The soldier ant turns to flee.
 The invisible Famine moves the Angel of Moloch out of the way!
 The Angel of Camaxtli swings her long sword at the Angel of Camaxtli.
 The Angel of Camaxtli hits the Angel of Camaxtli.
 The Angel of Camaxtli swings her long sword at the Angel of Camaxtli.
 The Angel of Camaxtli hits the Angel of Camaxtli.
 The Angel of Camaxtli hits the Angel of Camaxtli.
 The Angel of Camaxtli swings his silver mace at the Angel of Camaxtli.
 The Angel of Camaxtli hits the Angel of Camaxtli.
 The Angel of Camaxtli swings his silver mace at the Angel of Camaxtli.
 The Angel of Camaxtli hits the Angel of Camaxtli.
 The Angel of Camaxtli hits the Angel of Camaxtli.
 The Angel of Moloch swings her long sword at the invisible Famine.
 The Angel of Moloch hits the invisible Famine.
 The Angel of Moloch swings her long sword at the invisible Famine.
 The Angel of Moloch hits the invisible Famine.
 The Angel of Moloch hits the invisible Famine.
 What do you want to sacrifice?
 You offer the Amulet of Yendor to Huhetotl...
 An invisible choir sings, and you are bathed in radiance...
 The voice of Huhetotl booms: "Mortal, thou hast done well!"
 "In return for thy service, I grant thee the gift of Immortality!"
 You ascend to the status of Demigoddess...
 Do you want your possessions identified? [ynq] (y) y
 Do you want to see your attributes? [ynq] (y) y
 Do you want an account of creatures vanquished? [ynaq] (y) y
 Do you want a list of species genocided and extinct? [ynaq] (y) y
 Do you want to see your conduct and achievements? [ynq] (y) y
 Do you want to see the dungeon overview? [ynq] (y) y

Inventory:
 Amulets  ('"')
  c - a cursed amulet of flying (being worn)
 Weapons  (')')
  y - 20 cursed +0 darts
  v - the blessed +7 Grayswandir (wielded in right hand)
  u - a blessed +0 silver saber (wielded in left hand)
 Armor    ('[')
  Y - an uncursed greased rustproof +4 helm of caution
  I - a cursed -1 helm of opposite alignment (being worn)
  U - an uncursed rustproof +4 pair of gauntlets of power (being worn)
  a - a blessed fireproof +4 pair of speed boots (being worn)
  N - a blessed fireproof +4 cloak of protection (being worn)
  Z - a blessed fireproof +4 Hawaiian shirt with a water nymph motif (being worn)
  P - an uncursed +4 silver dragon scale mail (being worn)
 Comestibles  ('%')
  X - 2 uncursed C-rations
 Spellbooks  ('+')
  q - the uncursed Book of the Dead
 Rings    ('=')
  n - an uncursed ring of conflict (on left hand)
  B - an uncursed ring of free action (on right hand)
 Wands    ('/')
  p - a wand of cold (0:5)
  M - a wand of cold (0:4)
  e - a wand of death (0:5)
  W - a wand of digging (0:7)
  V - a cursed wand of digging (0:0)
  O - a wand of lightning (0:8)
  x - a wand of polymorph (0:7)
  D - a wand of secret door detection (0:11)
  H - a wand of teleportation (0:6)
 Tools    ('(')
  b - a blessed bag of holding containing 29 items
  f - the Bell of Opening (0:2)
  o - the uncursed Candelabrum of Invocation (0 of 7 candles attached)
  w - a cursed magic whistle
  g - the blessed Orb of Detection (0:2)
  k - an uncursed skeleton key
  J - an uncursed towel
  l - a +0 unicorn horn
 Gems/Stones  ('*')
  i - a blessed luckstone

Contents of the bag of holding:
  an uncursed amulet of magical breathing
  18 +0 darts
  2 blessed food rations
  an uncursed K-ration
  2 uncursed lizard corpses
  an uncursed scroll of create monster
  a blessed scroll of gold detection
  3 uncursed scrolls of gold detection
  a blessed scroll of identify
  an uncursed scroll of stinking cloud
  3 uncursed scrolls of teleportation
  an uncursed potion of booze
  a blessed potion of confusion
  2 uncursed potions of confusion
  8 uncursed potions of full healing
  an uncursed potion of oil
  4 potions of holy water
  an uncursed potion of water
  an uncursed ring of teleport control
  a wand of digging (0:8)
  a wand of fire (0:8)
  a wand of magic missile (0:5)
  a wand of speed monster (0:6)
  a cursed wand of striking (0:7)
  a wand of teleportation (0:5)
  a wand of teleportation (0:4)
  a wand of teleportation (0:3)
  an expensive camera (0:99)
  a +0 pick-axe

Jobair the Archeologist's attributes:

Background:
 You were a Curator, a level 30 female human Archeologist.
 You were chaotic, temporarily on a mission for Huhetotl
 who was opposed by Quetzalcoatl (lawful) and Camaxtli (neutral).
 You were actually lawful.
 You were right-handed.
 You were in the endgame, on the Astral Plane.
 You entered the dungeon 61524 turns ago.
 There was a new moon in effect when your adventure ended.
 You had 100156495 experience points.

Basics:
 You had 185 out of 225 hit points.
 You had all 199 energy points (spell power).
 Your armor class was -24.
 Your wallet was empty.
 Autopickup was off.

Final Characteristics:
 Your strength was 25 (base:18, innate limit:18/100).
 Your dexterity was 17 (limit:18).
 Your constitution was 18 (limit:18).
 Your intelligence was 18 (limit:18).
 Your wisdom was 18 (limit:18).
 Your charisma was 10 (limit:18).

Final Status:
 You were flying.
 You weren't hungry.
 You were unencumbered.
 You were wielding two weapons at once.
 Your skill in saber was limited by being basic with two weapons.

Final Attributes:
 You were fervently aligned.
 You were magic-protected.
 You were fire resistant.
 You were cold resistant.
 You were shock resistant.
 You were poison resistant.
 You resisted hallucinations.
 You saw invisible.
 You were telepathic.
 You had automatic searching.
 You were invisible to others.
 You were stealthy.
 You caused conflict.
 You were protected.
 You took half spell damage.
 You were very fast.
 You had reflection.
 You had free action.
 You were extremely lucky.
 You had extra luck.
 Good luck did not time out for you.
 You survived.

Miscellaneous:
 You encountered 1 bones level.
 Total elapsed playing time was 18 hours, 38 minutes and 11 seconds.

Major events:
 Turn
    1: Jobair the lawful female human Archeologist entered the dungeon
  902: attained the rank of Field Worker (level 3)
 3539: entered the Gnomish Mines
 4158: attained the rank of Investigator (level 6)
 4868: reached Mine Town
13140: entered Sokoban
13539: completed 1st Sokoban level
13933: completed 2nd Sokoban level
15189: completed 3rd Sokoban level
16476: completed 4th Sokoban level
16650: attained the rank of Exhumer (level 10)
16790: acquired the Sokoban bag of holding
17106: Holmavik, the general store proprietrix, has been killed
17434: Midyat, the used armor dealership proprietor, has been killed
18028: Trenggalek, the delicatessen proprietrix, has been killed
18062: Izchak, the lighting store proprietor, has been killed
18377: Annootok, the general store proprietor, has been killed
19273: acquired the Mines' End luckstone
19865: Cire Htims, the hardware store proprietor, has been killed
20705: Njezjin, the liquor emporium proprietor, has been killed
20733: entered the Bigroom
21162: Ouiatchouane, the general store proprietrix, has been killed
23220: entered Home 1, the Quest
26119: was bestowed with Dragonbane by Quetzalcoatl
30269: made her first wish - "blessed +3 grayswandir", got "a silver saber named Grayswandir"
30888: killed Medusa
34718: attained the rank of Excavator (level 14)
36189: Lord Carnarvon has granted access to proceed deeper into the quest
36215: entered Home 2, the Quest
36655: entered Home 3, the Quest
37203: entered Home 4, the Quest
37512: entered Home 5, the Quest
37763: found the Orb of Detection on the floor
37773: killed the Minion of Huhetotl
37784: acquired the Bell of Opening
40528: killed Croesus
46943: wished for "blessed fireproof +3 speed boots", got "a pair of snow boots"
46957: entered Gehennom
50872: killed Baalzebub
50918: killed Juiblex
51946: killed Asmodeus
53320: wished for "cursed magic markers", got "a magic marker"
53548: wished for "cursed scrolls of genocide", got "2 scrolls labeled VAS CORP BET MANI"
53552: attained the rank of Spelunker (level 18)
53563: attained the rank of Speleologist (level 22)
53582: attained the rank of Collector (level 26)
53595: attained the rank of Curator (level 30)
53705: performed her first genocide (class L)
53705: genocided class h
53706: genocided class m
55885: killed Orcus
56270: destroyed Vlad the Impaler
56272: acquired the Candelabrum of Invocation
59292: killed the Wizard of Yendor
59296: acquired the Book of the Dead
59446: killed the Wizard of Yendor (2nd time)
59523: performed the invocation
59634: killed the high priest of Moloch
59635: acquired The Amulet of Yendor
59636: wished for "blessed +3 silver sabre", got "a silver saber"
59819: killed the Wizard of Yendor (3rd time)
61261: entered the Elemental Planes
61261: entered Plane of Earth
61274: killed the Wizard of Yendor (5th time)
61333: entered Plane of Air
61389: entered Plane of Fire
61439: entered Plane of Water
61480: entered the Astral Plane
61499: killed Famine
61524: ascended

Spells:
 Name                 Level Category     Fail Retention
 light                  1   divination    76%   56%-60%
 magic mapping          5   divination    40%   56%-60%
 identify               3   divination    76%   61%-65%
 remove curse           3   clerical      77%   51%-75%
 teleport away          6   escape       100%   51%-75%

Skills:
 Fighting Skills
   bare handed combat [Unskilled]
   two weapon combat  [Basic]
   riding             [Unskilled]
 Weapon Skills
   dagger             [Unskilled]
   knife              [Unskilled]
   pick-axe           [Basic]
   short sword        [Unskilled]
   broadsword         [Basic]
   saber              [Expert]
   club               [Unskilled]
   quarterstaff       [Unskilled]
   sling              [Unskilled]
   dart               [Basic]
   boomerang          [Unskilled]
   whip               [Basic]
   unicorn horn       [Unskilled]
 Spellcasting Skills
   attack spells      [Unskilled]
   healing spells     [Unskilled]
   divination spells  [Skilled]
   matter spells      [Unskilled]

Voluntary challenges:
 Character rerolling was not enabled.
 You genocided 14 types of monsters.
 You never changed form.
 You used 5 wishes (1 for an artifact).
 You did not violate any of the special Sokoban rules.
Achievements:
 You entered a shop.
 You attained the rank of Field Worker.
 You entered the Gnomish Mines.
 You attained the rank of Investigator.
 You entered Minetown.
 You entered a temple.
 You entered Sokoban.
 You attained the rank of Exhumer.
 You completed Sokoban.
 You completed the Gnomish Mines.
 You entered the Big Room.
 You defeated Medusa.
 You attained the rank of Excavator.
 You had the Bell of Opening.
 You entered Gehennom.
 You attained the rank of Spelunker.
 You attained the rank of Speleologist.
 You attained the rank of Collector.
 You attained the rank of Curator.
 You had the Candelabrum of Invocation.
 You had the Book of the Dead.
 You gained access to Moloch's Sanctum.
 You reached the Elemental Planes.
 You reached the Astral Plane.
 You delivered the Amulet of Yendor.
 You ascended!

 The Elemental Planes:
    Astral Plane: <- You are here.
       A temple and an altar to Huhetotl.
    Plane of Water:
    Plane of Fire:
    Plane of Air:
    Plane of Earth:
 The Dungeons of Doom: levels 1 to 29
    Level 1:
       One way stairs up to The Elemental Planes.
    Level 2:
    Level 3:
       An untended shop, an altar.
    Level 4:
       Some fountains, a grave.
       Stairs down to The Gnomish Mines.
    Level 5:
    Level 6:
       A grave.
       Final resting place for
          Ch3Begorrah-Rog-Hum-Mal-Cha, killed by a jaguar.
    Level 7:
       Many fountains.
    Level 8:
       A general store, a fountain, a sink.
       Stairs up to Sokoban, level 7.
    Level 9:
       A potion shop, a fountain.
    Level 10:
       Some fountains, many trees.
       A very big room.
    Level 11:
       A general store, a fountain.
    Level 12:
       A fountain.
    Level 13:
    Level 14:
       Some fountains, a sink, a grave.
       Portal to The Quest.
    Level 15:
       An altar, a fountain.
    Level 16:
       A grave.
    Level 17:
       A fountain.
    Level 18:
       A primitive area.
    Level 19:
       A fountain.
       Portal to Fort Ludios.
    Level 20:
       A fountain.
    Level 21:
       A fountain.
    Level 22:
       An altar, a fountain, some graves.
    Level 23:
       Some fountains, a sink.
    Level 24:
       A fountain, some graves.
    Level 25:
       A temple and an altar to Huhetotl, some graves.
    Level 26:
       Some fountains, many trees.
    Level 27:
       Some fountains.
    Level 28:
    Level 29:
       A fountain.
 Gehennom: levels 30 to 53
    Level 30:
       A temple and an altar, many graves.
       Valley of the Dead.
    Level 31:
    Level 32:
    Level 33:
    Level 34:
    Level 35:
    Level 36:
       A fountain.
    Level 37:
    Level 38:
    Level 39:
    Level 40:
    Level 41:
       Stairs up to Vlad's Tower, level 40.
    Level 42:
    Level 43:
    Level 44:
       Some shops, an altar, many graves.
    Level 45:
    Level 46:
    Level 47:
    Level 48:
    Level 49:
    Level 50:
    Level 51:
    Level 52:
    Level 53:
       A temple and an altar, many graves.
       Moloch's Sanctum.
 The Gnomish Mines: levels 5 to 13
    Level 5:
    Level 6:
    Level 7:
    Level 8:
       Many shops, a temple and an altar to Huhetotl, many fountains.
    Level 9:
    Level 10:
    Level 11:
    Level 12:
    Level 13:
       Some fountains.
 The Quest: levels 1 to 5
    Level 1:
       A throne.
       Completed quest for Lord Carnarvon.
    Level 2:
    Level 3:
       Many temples and many altars.
    Level 4:
    Level 5:
       A temple and an altar to Huhetotl.
 Sokoban: levels 7 up to 4
    Level 4:
       Solved.
    Level 5:
       Solved.
    Level 6:
       Solved.
    Level 7:
       Solved.
 Fort Ludios:
    Level 1:
       Fort Ludios.
 Vlad's Tower: levels 40 up to 38
    Level 38:
       A throne.
    Level 39:
    Level 40:


Vanquished creatures:
    Asmodeus
    Baalzebub
    Orcus
    Juiblex
  2 erinyes
the Wizard of Yendor (5 times)
    Famine
    Vlad the Impaler
  a high cleric
    Medusa
    Croesus
  8 krakens
  5 iron golems
  2 master liches
  4 storm giants
  a titan
  3 glass golems
  4 balrogs
the Minion of Huhetotl
  4 purple worms
  a gray dragon
  4 gold dragons
  6 silver dragons
  9 red dragons
  3 white dragons
  2 orange dragons
  3 black dragons
  7 blue dragons
  6 green dragons
  6 yellow dragons
 16 minotaurs
  2 jabberwocks
  5 baluchitheria
  3 Angels
  2 demiliches
  a stone golem
  8 Olog-hai
  4 Nazgul
 13 pit fiends
  a sandestin
  3 hell hounds
  4 displacer beasts
 10 titanotheres
  2 trappers
  3 baby red dragons
  a baby white dragon
  2 baby yellow dragons
  4 guardian nagas
  3 genetic engineers
  5 disenchanters
 34 vampire leaders
  9 skeletons
  8 shopkeepers
  a guard
 11 aligned clerics
  8 captains
  6 shades
  6 liches
  4 clay golems
  4 nurses
  4 ice devils
  8 nalfeshnees
  3 lurkers above
  3 Aleaxes
  3 frost giants
  5 ettins
  a golden naga
  6 black puddings
 26 vampires
  6 lieutenants
  a watch captain
 38 ghosts
  2 queen bees
  3 winged gargoyles
  7 giant mimics
  6 long worms
  7 zruties
  a fire giant
 10 ogre tyrants
 20 ice trolls
  9 rock trolls
  9 umber hulks
  6 flesh golems
  4 elven monarchs
  a doppelganger
  7 hezrous
 12 bone devils
  4 large mimics
  5 wumpuses
  7 fire vortices
  a baby purple worm
  a couatl
 13 stalkers
  8 air elementals
  9 fire elementals
 11 earth elementals
  7 water elementals
  6 hill giants
  6 giant mummies
  6 black nagas
 15 xorns
 16 giant zombies
  2 elf-nobles
 18 sergeants
  6 barbed devils
 13 vrocks
  5 salamanders
 12 wargs
  2 winter wolves
  9 hell hound pups
 11 small mimics
  a glass piercer
  5 warhorses
 10 steam vortices
  8 xans
  9 ettin mummies
 10 ogre leaders
 10 quantum mechanics
 19 trolls
  4 sasquatches
  2 wood golems
 10 mariliths
  5 sharks
  3 electric eels
 10 gelatinous cubes
  5 pyrolisks
  6 large dogs
  7 freezing spheres
 12 flaming spheres
  9 shocking spheres
  6 large cats
  7 tigers
  a gargoyle
  2 dwarf rulers
  4 tengu
 13 ochre jellies
  3 leocrottas
  6 energy vortices
  3 mountain centaurs
  4 stone giants
  5 elf mummies
 23 human mummies
  6 red nagas
  a green slime
 16 pythons
 18 pit vipers
 10 cobras
 59 wraiths
  2 carnivorous apes
 20 ettin zombies
  5 leather golems
 13 Grey-elves
120 soldiers
  5 watchmen
  6 amorous demons
  5 horned devils
  5 chameleons
  3 crocodiles
 16 giant beetles
  7 quivering blobs
 12 cockatrices
  2 wolves
 13 winter wolf cubs
  6 lynxes
  5 panthers
 13 gremlins
  7 spotted jellies
 56 leprechauns
  6 orc-captains
  4 iron piercers
  4 mumakil
 11 giant spiders
 13 scorpions
  5 horses
  4 black lights
  7 vampire bats
  8 forest centaurs
  8 gnome rulers
  4 orc mummies
  6 dwarf mummies
  6 ogres
  a brown pudding
  8 rust monsters
 11 owlbears
  5 yetis
  3 gold golems
  5 werewolves
  8 Green-elves
  3 piranha
 22 giant eels
 13 lizards
  3 chickatrices
  a dingo
  2 dogs
  2 housecats
  9 jaguars
  6 dwarf leaders
  5 blue jellies
  a white unicorn
  3 gray unicorns
  6 black unicorns
  7 dust vortices
  7 ravens
  7 plains centaurs
  3 Kop Kaptains
 11 gnome mummies
 43 snakes
 13 apes
 25 human zombies
  5 rope golems
  4 Woodland-elves
 27 soldier ants
 13 fire ants
 30 bugbears
  3 imps
  3 lemures
  6 quasits
  2 wood nymphs
  8 water nymphs
  7 mountain nymphs
 33 Mordor orcs
 21 Uruk-hai
 10 orc shamans
 11 rock piercers
  5 rock moles
  5 ponies
  8 fog clouds
 14 yellow lights
  4 shriekers
  7 violet fungi
 19 gnome leaders
  7 gnomish wizards
  3 kobold mummies
  3 black naga hatchlings
  6 gray oozes
  4 barrow wights
 12 elf zombies
 15 ghouls
  5 straw golems
  6 paper golems
  4 jellyfish
  a baby crocodile
 21 giant ants
  2 little dogs
  6 floating eyes
  4 kittens
 20 dwarves
  3 homunculi
  5 kobold leaders
  6 kobold shamans
 38 hill orcs
 33 rothes
  4 rabid rats
  6 centipedes
  5 giant bats
  2 monkeys
 11 orc zombies
  7 dwarf zombies
  3 werejackals
 18 iguanas
 35 killer bees
  9 acid blobs
  2 coyotes
  4 gas spores
  5 hobbits
 28 manes
  a large kobold
 17 hobgoblins
  5 giant rats
  4 cave spiders
  3 brown molds
  4 yellow molds
  a green mold
  5 red molds
 72 gnomes
 31 garter snakes
 10 gnome zombies
  6 geckos
 16 jackals
  8 foxes
  2 kobolds
  7 goblins
  9 sewer rats
  6 grid bugs
 13 bats
 14 lichens
 11 kobold zombies
 14 newts
2498 creatures vanquished.

Genocided or extinct species:
 erinyes (extinct)
 arch-liches
 master liches
 demiliches
 master mind flayers
 liches
 mind flayers
 giant mimics
 large mimics
 small mimics
 dwarf rulers
 soldiers (extinct)
 dwarf leaders
 bugbears
 dwarves
 hobbits
14 species genocided.
2 species extinct.

Goodbye Jobair the Demigoddess...

You went to your reward with 1532998 points,
The Bell of Opening (worth 5000 zorkmids and 12500 points)
The Orb of Detection (worth 2500 zorkmids and 6250 points)
The Candelabrum of Invocation (worth 5000 zorkmids and 12500 points)
The Book of the Dead (worth 10000 zorkmids and 25000 points)
Grayswandir (worth 8000 zorkmids and 20000 points)
       1 amulet of magical breathing (worth 150 zorkmids),
       1 amulet of flying (worth 150 zorkmids),
and 0 pieces of gold, after 61524 moves.
You were level 30 with a maximum of 225 hit points when you ascended.

